 Dungeon Sprint DCSS version 0.19.5 (webtiles) character file.

4711 Mesmaeker13 the Bludgeoner (level 10, -5/111 HPs)
             Began as an Ogre Hunter on May 4, 2017.
             Was an Elder of Trog.
             Killed from afar by a lindwurm (27 damage)
             ... with a blast of flame
             ... in the Dungeon (Sprint I: "Red Sonja").
             The game lasted 00:06:21 (2426 turns).

Mesmaeker13 the Bludgeoner (Ogre Hunter)            Turns: 2426, Time: 00:06:22

Health: -5/111     AC:  5    Str: 22    XL:     10   Next: 45%
Magic:  10/10      EV: 16    Int: 10    God:    Trog [****..]
Gold:   450        SH:  0    Dex: 10    Spells: 0 memorised, 9 levels left

rFire  . . .     SeeInvis .     l - +0 giant club
rCold  . . .     Gourm    .     o - +0 robe (curse)
rNeg   . . .     Faith    .     (shield currently unavailable)
rPois  .         Spirit   .     n - +2 hat
rElec  .         Reflect  .     (no cloak)
rCorr  .         Harm     .     (gloves unavailable)
MR     +++..     NoTele   +     (boots unavailable)
Stlth  +.........               (no amulet)
                                (no ring)
                                (no ring)

@: regenerating
A: unfitting armour, tough skin 1
a: Berserk, Trog's Hand, Brothers in Arms, Burn Spellbooks, Renounce Religion


You were in the Dungeon.
You worshipped Trog.
Trog was greatly pleased with you.
You were not hungry.

You visited 1 branch You collected 1014 gold pieces.
You spent 564 gold pieces at shops.

Inventory:

Hand Weapons
 l - a +0 giant club (weapon)
Missiles
 c - 2 large rocks (quivered)
 d - 2 throwing nets
 r - 3 poisoned tomahawks
Armour
 n - a +2 hat (worn)
 o - a cursed +0 robe (worn)
Wands
 m - a wand of iceblast (7/15)
Scrolls
 b - a scroll of random uselessness {unknown}
 e - a scroll of amnesia {unknown}
 j - 2 scrolls of remove curse {unknown}
 k - 2 scrolls of blinking
Potions
 g - 2 potions of heal wounds
 h - 2 potions of haste
 i - 2 potions of magic
 p - a potion of degeneration {unknown}
 q - 2 potions of curing
Comestibles
 a - 2 meat rations
 f - a beef jerky


   Skills:
 + Level 10.8 Fighting
 + Level 18.4 Maces & Flails
 - Level 6.6 Throwing
 + Level 14.5 Dodging
 - Level 0.6 Stealth


You had 9 spell levels left.
You didn't know any spells.

Dungeon Overview and Level Annotations

Branches:
Dungeon (1/1)

Altars:
Cheibriados
Dithmenos
Elyvilon
Fedhas
Gozag
Hepliaklqana
Kikubaaqudgha
Makhleb
Nemelex Xobeh
Okawaru
Qazlal
Ru
Sif Muna
Trog
Uskayaw
Vehumet
Xom
Yredelemnul
Zin
The Shining One
Jiyva
Lugonu

Shops:
D %*[

Annotations:
D exclusion: oklob plant


Innate Abilities, Weirdness & Mutations

You are too large for most types of armour.
You have tough skin. (AC +1)


Message History

The lindwurm claws you.
You hit the lindwurm but do no damage.
The lindwurm is heavily wounded.
You barely miss the lindwurm.
The lindwurm is heavily wounded.
The lindwurm misses you. The lindwurm claws you.
The lindwurm closely misses you.
You hit the lindwurm but do no damage.
The lindwurm is heavily wounded.
The lindwurm bites you!
* * * LOW HITPOINT WARNING * * *
The lindwurm closely misses you. The lindwurm claws you!
* * * LOW HITPOINT WARNING * * *
You barely miss the lindwurm.
The lindwurm is heavily wounded.
You closely miss the lindwurm.
The lindwurm is heavily wounded.
The lindwurm breathes flames at you. The blast of flame hits you!
You die...

###################
#__#..')..#).#§§@k+
(^.'..#.).##'#§####
#__####...'§§#§#
####.[#####..§§#
#§≈§§§#$§##+####
(§§§.§'§§#
#≈§§§.#..#
##§#####'#
#....###P'.


You could see a lindwurm.

Vanquished Creatures
  2 centaur warriors (D)
  Sonja (D)
  A deep troll (D)
  2 kobold demonologists (D)
  4 demonic crawlers (D)
  A hornet (D)
  A slime creature (D)
  Sigmund (D)
  A yak (D)
  A floating eye (D)
  An ogre (D)
  A jelly (D)
  Ijyb (D)
  2 ballistomycetes (D)
20 creatures vanquished.

Vanquished Creatures (others)
  A gargoyle (D)
  2 ballistomycete spores (D)
3 creatures vanquished.

Grand Total: 23 creatures vanquished

Notes
Turn   | Place    | Note
-------+----------+-------------------------------------------
     0 | D        | Mesmaeker13 the Ogre Hunter began the quest for the Orb.
     0 | D        | Reached XP level 1. HP: 22/22 MP: 1/1
     1 | D        | Noticed Ijyb
     3 | D        | Killed Ijyb
     3 | D        | Reached skill level 5 in Fighting
     3 | D        | Reached skill level 5 in Throwing
     3 | D        | Reached XP level 2. HP: 35/35 MP: 2/2
     3 | D        | Reached XP level 3. HP: 42/42 MP: 3/3
     9 | D        | Noticed an ogre
    11 | D        | Killed an ogre
    11 | D        | Reached skill level 5 in Dodging
    11 | D        | Reached XP level 4. HP: 24/55 MP: 4/4
   187 | D        | Noticed Sigmund
   193 | D        | Killed Sigmund
   193 | D        | Reached skill level 7 in Maces & Flails
   193 | D        | Reached XP level 5. HP: 33/62 MP: 5/5
   193 | D        | Reached XP level 6. HP: 38/71 MP: 6/6
   359 | D        | Found a deep blue altar of Sif Muna.
   361 | D        | Found a radiant altar of Vehumet.
   363 | D        | Reached skill level 8 in Maces & Flails
   373 | D        | Found Tepir's Assorted Antiques.
   373 | D        | Found an ancient bone altar of Kikubaaqudgha.
   373 | D        | Found a hazy altar of Hepliaklqana.
   373 | D        | Found a stormy altar of Qazlal.
   373 | D        | Found a hide-covered altar of Uskayaw.
   373 | D        | Found a blossoming altar of Fedhas.
   373 | D        | Found a bloodstained altar of Trog.
   373 | D        | Found an iron altar of Okawaru.
   373 | D        | Found a basalt altar of Yredelemnul.
   373 | D        | Found a glowing golden altar of the Shining One.
   373 | D        | Found a snail-covered altar of Cheibriados.
   373 | D        | Found a sacrificial altar of Ru.
   373 | D        | Found a glowing silver altar of Zin.
   373 | D        | Found a shadowy altar of Dithmenos.
   373 | D        | Found a white marble altar of Elyvilon.
   373 | D        | Noticed a yak
   374 | D        | Found an opulent altar of Gozag.
   377 | D        | Killed a yak
   377 | D        | Reached skill level 10 in Maces & Flails
   377 | D        | Reached XP level 7. HP: 33/78 MP: 7/7
   378 | D        | Found a sparkling altar of Nemelex Xobeh.
   401 | D        | Bought an embroidered robe for 134 gold pieces
   401 | D        | Bought a potion of heal wounds for 100 gold pieces
   415 | D        | Became a worshipper of Trog the Wrathful
   581 | D        | Noticed a centaur warrior
   588 | D        | Noticed a centaur warrior
   598 | D        | Found a burning altar of Makhleb.
   598 | D        | Found a viscous altar of Jiyva.
   598 | D        | Found a shimmering altar of Xom.
   598 | D        | Found a corrupted altar of Lugonu.
   598 | D        | Noticed a slime creature
   603 | D        | Killed a slime creature
   603 | D        | Reached skill level 11 in Maces & Flails
   802 | D        | Killed a centaur warrior
   802 | D        | Reached skill level 13 in Maces & Flails
   802 | D        | Reached XP level 8. HP: 40/87 MP: 8/8
   904 | D        | Killed a centaur warrior
   904 | D        | Reached * piety under Trog
   904 | D        | Reached skill level 15 in Maces & Flails
   904 | D        | Reached XP level 9. HP: 15/93 MP: 9/9
  1222 | D        | Noticed a deep troll
  1236 | D        | Killed a deep troll
  1236 | D        | Reached skill level 16 in Maces & Flails
  1425 | D        | Noticed Sonja
  1431 | D        | Killed Sonja
  1431 | D        | Reached ** piety under Trog
  1431 | D        | Reached skill level 17 in Maces & Flails
  1439 | D        | Found Seeh's Armour Emporium.
  1461 | D        | Bought a +2 hat for 192 gold pieces
  1488 | D        | Found Pisos's Food Boutique.
  1745 | D        | Noticed a kobold demonologist
  1746 | D        | Noticed a kobold demonologist
  1750 | D        | Killed a kobold demonologist
  1750 | D        | Reached *** piety under Trog
  1753 | D        | Paralysed by a floating eye for 4 turns
  1760 | D        | Killed a kobold demonologist
  1760 | D        | Reached XP level 10. HP: 106/106 MP: 10/10
  1805 | D        | Noticed an oklob plant
  1806 | D        | Killed a gargoyle
  1849 | D        | Reached **** piety under Trog
  2104 | D        | Bought a meat ration for 60 gold pieces
  2104 | D        | Bought a beef jerky for 18 gold pieces
  2104 | D        | Bought a meat ration for 60 gold pieces
  2135 | D        | Reached skill level 18 in Maces & Flails
  2141 | D        | Reached skill level 10 in Fighting
  2149 | D        | Reached ***** piety under Trog
  2149 | D        | Received a gift from Trog
  2412 | D        | Noticed a lindwurm
  2426 | D        | Killed from afar by a lindwurm

Skill      XL: |  1  2  3  4  5  6  7  8  9 10 |
---------------+-------------------------------+-----
Fighting       | 5 7 8 10 | 10.8
Throwing       | 5 6 |  6.6
Dodging        | 3 5 7 8 11 12 13 14 | 14.5
Maces & Flails | 7 10 13 15 17 18 | 18.4
Stealth        | |  0.6

Action                   |  1- 3 |  4- 6 |  7- 9 | 10-12 || total
-------------------------+-------+-------+-------+-------++-------
Melee: Giant club        |       |     4 |    34 |    32 ||    70
Throw: Large rock        |     4 |     4 |       |     2 ||    10
Invok: Berserk           |       |       |     2 |     1 ||     3
       Burn Spellbooks   |       |       |     1 |       ||     1
       Trog's Hand       |       |       |       |     1 ||     1
  Use: Potion            |       |       |     2 |       ||     2
  Eat: Chunk             |       |       |     2 |       ||     2
       Pizza             |       |       |     1 |       ||     1
       Bread ration      |       |       |       |     1 ||     1
Armor: Robe              |       |     1 |     5 |     3 ||     9
Dodge: Dodged            |       |     1 |    12 |    36 ||    49
